 Dungeon Crawl Stone Soup version 0.16.0-7-ge91f220 (webtiles) character file.

58 Medar the Cutter (level 4, -1/26 HPs)
             Began as a Kobold Skald on Mar 15, 2015.
             Slain by Sigmund
             ... wielding a +2 scythe of venom
              (3 damage)
             ... on level 2 of the Dungeon.
             The game lasted 00:05:07 (1614 turns).

Medar the Cutter (Kobold Skald)                     Turns: 1614, Time: 00:05:07

Health: -1/26      AC:  3    Str: 10      XL:     4   Next: 20%
Magic:  3/9        EV: 13    Int: 11      God:
Gold:   55         SH:  0    Dex: 13 (15) Spells: 1 memorised, 8 levels left

rFire  + . .     SeeInvis .     a - +0 short sword
rCold  + . .     Clarity  .     n - +0 leather armour {rPois}
rNeg   . . .     SustAb   .     (no shield)
rPois  +         Gourm    .     (no helmet)
rElec  +         Spirit   .     (no cloak)
rCorr  +         Warding  .     (no gloves)
rMut   .         Stasis   .     (no boots)
MR     .....                    (no amulet)
Stlth  +.........               (no ring)
                                (no ring)

@: lethally poisoned (-1 -> -26), resistant, infused, not resistant to hostile
enchantments, very unstealthy
A: carnivore 3
a: no special abilities


You were on level 2 of the Dungeon.
You were completely stuffed.

You visited 1 branch of the dungeon, and saw 2 of its levels.

You collected 55 gold pieces.

Inventory:

Hand weapons
 a - a +0 short sword (weapon)
Armour
 k - a +1 leather armour of positive energy
 n - a +0 leather armour of poison resistance (worn)
Scrolls
 e - a scroll of identify {unknown}
 f - a scroll of remove curse {unknown}
 i - a scroll of immolation {unknown}
 j - a scroll of enchant weapon {unknown}
Books
 c - a book of Battle

   Spells                             Type                      Level
   a - Infusion                       Charms                       1
   b - Shroud of Golubria             Charms/Translocation         2
   c - Song of Slaying                Charms                       2
   d - Spectral Weapon                Hexes/Charms                 3
   e - Regeneration                   Charms/Necromancy            3
Comestibles
 d - a meat ration
 g - 3 chunks of flesh


   Skills:
 - Level 2.1 Fighting
 + Level 4.4 Short Blades
 - Level 0.7 Armour
 - Level 1.2 Dodging
 + Level 3.0 Spellcasting
 - Level 2.4 Charms


You had 8 spell levels left.
You knew the following spells:

 Your Spells              Type           Power        Failure   Level  Hunger
s - Infusion              Chrm           #.....       14%         1    #......


Dungeon Overview and Level Annotations

Branches:
Dungeon (2/15)

Altars:

Annotations:
D:2 Sigmund


Innate Abilities, Weirdness & Mutations

You are small and have problems with some larger weapons.
You are carnivorous and can eat meat at any time.


Message History

Drink which item? (? for menu, Esc to quit)
You feel protected.
You feel sick. Something barely misses you.
Casting: Infusion
Confirm with . or Enter, or press ? or * to list all spells.
You begin infusing your attacks with magical energy.
You feel sick.
A bat comes into view.
You feel sick.
You hear some strange, mumbled words.
The magic dart hits you!
You closely miss something.
You feel sick. Something hits you.
You hit something!
You feel sick.
You closely miss something.
You feel sick. Something hits you!
* * * LOW HITPOINT WARNING * * *
You are more poisoned.
You hit something.
* * * LOW HITPOINT WARNING * * *
You feel sick. Something hits you.
You die... 8

.... #... #... ###### #...
#....# ###... #..([#
#..... #....#
.##.....#########....#####
........))..b{@.........>#
....(...################.#
....... #####.# .......
#.....# ....### #.....#
.#. #.....# # #.....#
##'#### # #.# ..


You could see a bat.

Vanquished Creatures
  Ijyb (D:2)
  2 giant geckos (D:1)
  2 ball pythons
  2 giant cockroaches
  10 goblins
  3 hobgoblins (D:1)
  4 kobolds
  A quokka (D:2)
  6 bats
  2 giant newts
  6 rats
39 creatures vanquished.

Notes
Turn   | Place    | Note
--------------------------------------------------------------
     0 | D:1      | Medar, the Kobold Skald, began the quest for the Orb.
     0 | D:1      | Reached XP level 1. HP: 12/12 MP: 3/3
   164 | D:1      | Reached skill level 3 in Short Blades
   170 | D:1      | Reached XP level 2. HP: 11/17 MP: 0/4
   837 | D:1      | Reached XP level 3. HP: 16/21 MP: 0/6
  1408 | D:2      | Noticed Ijyb
  1425 | D:2      | Killed Ijyb
  1425 | D:2      | Reached skill level 4 in Short Blades
  1425 | D:2      | Reached XP level 4. HP: 26/26 MP: 1/8
  1592 | D:2      | Noticed Sigmund
  1614 | D:2      | Slain by Sigmund

Action                   |  1- 3 |  4- 6 || total
-------------------------+-------+-------++-------
Melee: Short sword       |    91 |    32 ||   123
 Cast: Infusion          |    15 |     4 ||    19
  Use: Potion            |       |     5 ||     5
 Stab: Sleeping          |     1 |       ||     1
  Eat: Chunk             |    10 |     1 ||    11
